AoeStats
← Karos

Arena

506732745Analyzed
3v3 RM · 17d ago on Sep 14, 2026· 68m 33s· 6 players
Game mode
Random Map
Map size
Normal (6 player)
Population
200
Speed
Normal
Resources
Standard
Victory
Conquest
Starting age
Dark Age
Ending age
Imperial Age
RankedLock teamsTeams togetherTeam positionsShared explorationLock speedFull tech treeHidden civsTurbo modeCheats
Victory
Defeat
🇧🇷 Burgundians · Brazil
858
+15
🇲🇽 Romans · Mexico
831
+16
🇮🇱 Armenians · Israel
829
+16
🇮🇶 Turks · Iraq
889
-36
🇮🇶 Romans · Iraq
807
-15
🇺🇸 Khmer · United States
794
-14
IamxSaVaGe7117
10:52 Feudal Age
17:03 Castle Age
15:13 Double-Bit Axe
19:54 Husbandry
31:47 Wheelbarrow
31:43 Bow Saw
34:08 Fletching
36:32 Ballistics
36:12 Bodkin Arrow
39:53 Imperial Age
37:52 Hand Cart
39:39 Caravan
40:43 Double Crossbow
41:44 Bracer
41:09 Heavy Scorpion
43:11 Onager
54:01 Pikeman
55:13 Light Cavalry
Eraser
10:27 Feudal Age
15:44 Castle Age
14:46 Scale Mail Armor
14:45 Double-Bit Axe
14:34 Man-at-Arms
17:15 Squires
16:35 Long Swordsman
21:57 Pikeman
35:59 Imperial Age
33:15 Loom
33:13 Horse Collar
35:45 Wheelbarrow
35:13 Heavy Plow
40:52 Ballistics
41:33 Chemistry
40:34 Fletching
41:00 Chain Mail Armor
43:07 Legionary
45:54 Scale Barding Armor
46:00 Forging
49:30 Padded Archer Armor
49:26 Bodkin Arrow
49:29 Elite Skirmisher
55:59 Heavy Scorpion
58:18 Iron Casting
58:05 Chain Barding Armor
62:21 Onager
63:43 Onager
Karos
15:14 Feudal Age
16:49 Wheelbarrow
17:20 Double-Bit Axe
21:05 Castle Age
19:43 Padded Archer Armor
19:34 Fletching
20:07 Horse Collar
23:22 Hand Cart
26:21 Gold Mining
27:17 Stone Mining
28:29 Bodkin Arrow
28:42 Heavy Plow
29:12 Bow Saw
29:30 Leather Archer Armor
35:31 Imperial Age
37:49 Elite Janissary
38:54 Town Watch
39:00 Loom
39:38 Town Watch
48:33 Coinage
48:07 Caravan
50:50 Ring Archer Armor
50:20 Bracer
QuiquisFreak
10:20 Feudal Age
13:41 Loom
16:42 Castle Age
17:41 Loom
23:34 Murder Holes
28:14 Fortified Wall
29:28 Double-Bit Axe
31:24 Town Watch
32:18 Wheelbarrow
35:27 Imperial Age
33:47 Bow Saw
39:16 Chemistry
38:24 Ballistas
38:45 Gold Mining
41:20 Gold Shaft Mining
43:14 Heavy Scorpion
44:20 Ballistics
50:50 Capped Ram
53:40 Siege Ram
Mineirinha
6:50 Double-Bit Axe
11:03 Feudal Age
15:21 Castle Age
20:08 Cavalier
21:38 Loom
22:16 Gold Mining
22:45 Forging
Derbish
2:40 Loom
10:21 Feudal Age
12:37 Double-Bit Axe
18:49 Castle Age
18:57 Gold Mining
19:03 Stone Mining
20:24 Fervor
23:34 Horse Collar
25:31 Bow Saw
28:54 Wheelbarrow
32:23 Imperial Age
31:46 Ballistics
31:29 Padded Archer Armor
31:19 Fletching
32:47 Fortified Wall
34:12 Conscription
34:38 Masonry
34:45 Bodkin Arrow
35:06 Leather Archer Armor
35:51 Hand Cart
35:53 Heavy Plow
36:36 Gold Shaft Mining
36:30 Bracer
38:36 Chemistry
37:55 Town Watch
39:03 Elite Composite Bowman
40:42 Hoardings
44:09 Ring Archer Armor
43:50 Forging
45:02 Sanctity
44:44 Murder Holes
47:06 Block Printing
46:57 Onager
49:24 Squires
49:09 Arson
48:45 Man-at-Arms
49:11 Gambesons
50:24 Iron Casting
49:51 Scale Mail Armor
50:12 Bombard Tower
52:15 Fereters
51:32 Long Swordsman
52:42 Two-Handed Swordsman
52:43 Pikeman
57:16 Capped Ram
58:20 Husbandry
58:30 Bloodlines
57:41 Light Cavalry
58:14 Guard Tower
58:32 Scale Barding Armor
58:43 Chain Mail Armor
59:29 Blast Furnace
59:01 Siege Ram
59:29 Heavy Scorpion
62:29 Chain Barding Armor
62:39 Plate Mail Armor
Connection lost

Rejoining the realm…

Still unreachable

The connection could not be restored.

Session expired

The server has moved on; the page needs a fresh start.